 Dungeon Crawl Stone Soup version 0.23.1-37-gaa34b87b72 (webtiles) character file.

Game seed: 16038565957233841418

413375 DildoBatman the Eclecticist (level 23, -3/136 HPs)
             Began as a Gargoyle Wizard on Mar 21, 2019.
             Was an Initiate of Gozag.
             Slain by a jiangshi (12 damage)
             ... led by a vampire mage
             ... while paralysed by a vampire knight
             ... on level 1 of the Crypt.
             The game lasted 03:21:38 (42767 turns).

DildoBatman the Eclecticist (Gargoyle Wizard)      Turns: 42767, Time: 03:21:38

Health: -3/136     AC: 41    Str: 22    XL:     23   Next: 55%
Magic:  40/43      EV:  2    Int: 28    God:    Gozag
Gold:   16599      SH:  0    Dex:  6    Spells: 8/54 levels left

rFire    + . .     SeeInvis .   a - +9 halberd (flame)
rCold    . . .     Gourm    .   (shield currently unavailable)
rNeg     + + .     Faith    .   o - +4 troll leather armour {Purgy}
rPois    ∞         Spirit   .   X - +2 helmet of Wobikha {rPois rCorr}
rElec    +         Reflect  .   h - +2 cloak {+Inv}
rCorr    +         Harm     .   j - +2 pair of gloves {archery}
MR       .....                  u - +0 pair of boots {Stlth+}
Stlth    ++........             m - amulet of magic regeneration
HPRegen  1.72/turn              Z - ring "Guabib" {*Contam rF+ rN+ Str+10}
MPRegen  0.53/turn              I - +6 ring of evasion

@: paralysed, vulnerable, flying, regenerating, lightly drained
A: big wings, repulsion field 2, thin metallic scales 1, clumsy 1, negative
energy resistance 1, electricity resistance, unbreathing, petrification
resistance, rot immunity, AC +17
}: 2/15 runes: decaying, serpentine
a: Stop Flying, Potion Petition, Call Merchant, Bribe Branch, Renounce Religion,
Evoke Invisibility


You were on level 1 of the Crypt.
You worshipped Gozag.
Gozag was extremely pleased with you.
You were not hungry.

You visited 9 branches of the dungeon, and saw 40 of its levels.
You also visited: Bailey, Gauntlet, Volcano and Wizlab.

You collected 19705 gold pieces.
You spent 2675 gold pieces at shops.
You paid 431 gold pieces to Gozag.

Inventory:

Hand Weapons
 a - a +9 halberd of flaming (weapon)
Missiles
 U - 3 throwing nets (quivered)
Armour
 h - a +2 cloak of invisibility (worn)
 j - a +2 pair of gloves of archery (worn)
 o - a +4 troll leather armour (worn) {Purgy}
 u - a +0 pair of boots of stealth (worn)
 D - a +0 large shield of protection
 X - the +2 helmet of Wobikha (worn) {rPois rCorr}
   (You acquired it on level 8 of the Dungeon)

   It protects you from poison.
   It provides partial protection from all sources of acid and corrosion.
Magical Staves
 b - an uncursed staff of energy
Jewellery
 g - the amulet of the Four Winds {rN+ MR+++ Clar}
   (You took it off a deep elf annihilator on level 3 of the Elven Halls)

   [amulet of nothing]

   It protects you from negative energy.
   It affects your resistance to hostile enchantments.
   It protects you against confusion.
 i - an uncursed ring of see invisible
 m - an amulet of magic regeneration (around neck)
 I - a +6 ring of evasion (right hand)
 Z - the ring "Guabib" (left hand) {*Contam rF+ rN+ Str+10}
   (You took it off a minotaur in a Gauntlet)

   [ring of positive energy]

   It affects your strength (+10).
   It protects you from fire.
   It protects you from negative energy.
   It causes magical contamination when unequipped.
Wands
 l - a wand of scattershot (9)
 s - a wand of acid (37)
 w - a wand of clouds (10)
 G - a wand of digging (10)
Scrolls
 e - 9 scrolls of fear
 n - 19 scrolls of teleportation
 q - 11 scrolls of summoning
 r - a scroll of enchant armour
 x - 13 scrolls of remove curse
 z - 26 scrolls of identify
 C - 6 scrolls of magic mapping
 E - 6 scrolls of fog
 F - 6 scrolls of blinking
Potions
 c - 17 potions of curing
 d - 5 potions of magic
 f - 12 potions of heal wounds
 k - 3 potions of resistance
 A - 3 potions of invisibility
 B - 9 potions of might
 H - 2 potions of haste
 J - 6 potions of agility
 K - 5 potions of brilliance
 Q - 3 potions of cancellation
Miscellaneous
 y - a sack of spiders
 O - a lamp of fire
 P - a lightning rod (4/4)
 R - a fan of gales
 Y - 2 boxes of beasts
Comestibles
 v - 33 rations


   Skills:
 - Level 12.0(11.8) Fighting
   Level 2.0(1.9) Maces & Flails
 - Level 14.2(14.1) Polearms
 - Level 12.0(11.8) Armour
 - Level 8.0(7.8) Dodging
 - Level 6.0(5.9) Stealth
 - Level 16.0(15.8) Spellcasting
 - Level 6.3(6.2) Conjurations
 * Level 4.6(4.5) Hexes
 * Level 6.2(6.1) Charms
 - Level 8.0(7.9) Summonings
 * Level 15.6(15.4) Necromancy
 - Level 3.0(2.9) Translocations
 * Level 13.2(13.1) Transmutations
 - Level 4.0(3.9) Fire Magic
 * Level 4.7(4.6) Ice Magic
 * Level 5.2(5.1) Air Magic
 - Level 12.0(11.8) Earth Magic
 - Level 6.0(5.9) Poison Magic


You had 8 spell levels left.
You knew the following spells:

 Your Spells              Type           Power        Failure   Level  Hunger
a - Borgnjor's Vile Clut  Necr/Erth      #######...   1%          5    None
b - Conjure Flame         Conj/Fire      ######..     1%          3    None
c - Spectral Weapon       Hex/Chrm       ######..     1%          3    None
d - Regeneration          Chrm/Necr      ######....   1%          3    None
e - Mephitic Cloud        Conj/Pois/Air  ######..     1%          3    None
f - Ozocubu's Armour      Chrm/Ice       ######..     1%          3    None
g - Aura of Abjuration    Summ           ######....   2%          5    None
h - Dispel Undead         Necr           #######.     1%          5    None
j - Blink                 Tloc           N/A          1%          2    None
k - Deflect Missiles      Chrm/Air       ######....   36%         6    ###....
l - Necromutation         Tmut/Necr      #######...   41%         8    ######.

Your spell library contained the following spells:

 Spells                   Type           Power        Failure   Level  Hunger
 Animate Skeleton         Necr           N/A          0%          1    None
 Beastly Appendage        Tmut           ######       0%          1    None
 Pain                     Necr           ####         0%          1    None
 Corpse Rot               Necr           N/A          0%          2    None
 Vampiric Draining        Necr           #######...   0%          3    None
 Confusing Touch          Hex            #####.       1%          1    None
 Freeze                   Ice            ####         1%          1    None
 Infusion                 Chrm           ####         1%          1    None
 Magic Dart               Conj           ####         1%          1    None
 Sandblast                Erth           ######       1%          1    None
 Shock                    Conj/Air       ####         1%          1    None
 Summon Small Mammal      Summ           ####         1%          1    None
 Call Imp                 Summ           ######..     1%          2    None
 Ensorcelled Hibernation  Hex/Ice        #####.       1%          2    None
 Passwall                 Tmut/Erth      #######.     1%          2    None
 Poisonous Vapours        Pois/Air       ######       1%          2    None
 Searing Ray              Conj           ######       1%          2    None
 Shroud of Golubria       Chrm/Tloc      #####.....   1%          2    None
 Slow                     Hex            #####...     1%          2    None
 Song of Slaying          Chrm           ######..     1%          2    None
 Sticks to Snakes         Tmut           #######.     1%          2    None
 Swiftness                Chrm/Air       ######..     1%          2    None
 Throw Frost              Conj/Ice       ######       1%          2    None
 Call Canine Familiar     Summ           ######..     1%          3    None
 Confuse                  Hex            #####...     1%          3    None
 Dazzling Spray           Conj/Hex       ######       1%          3    None
 Inner Flame              Hex/Fire       #####...     1%          3    None
 Portal Projectile        Hex/Tloc       #####.       1%          3    None
 Recall                   Summ/Tloc      N/A          1%          3    None
 Spider Form              Tmut/Pois      ######....   1%          3    None
 Static Discharge         Conj/Air       ######..     1%          3    None
 Stone Arrow              Conj/Erth      ######       1%          3    None
 Summon Guardian Golem    Hex/Summ       ######..     1%          3    None
 Animate Dead             Necr           N/A          1%          4    None
 Iskenderun's Mystic Bla  Conj           ######..     1%          4    None
 Leda's Liquefaction      Hex/Erth       ######....   1%          4    None
 Petrify                  Tmut/Erth      #######.     1%          4    None
 Summon Ice Beast         Ice/Summ       ######..     1%          4    None
 Summon Lightning Spire   Summ/Air       ######..     1%          4    None
 Agony                    Necr           #######.     1%          5    None
 Bolt of Draining         Conj/Necr      ######....   1%          5    None
 Irradiate                Conj/Tmut      ######....   1%          5    None
 Lee's Rapid Deconstruct  Erth           ######....   1%          5    None
 Yara's Violent Unravell  Hex/Tmut       ######....   1%          5    None
 Death Channel            Necr           #######...   1%          6    ###....
 Hydra Form               Tmut           #######...   1%          6    ###....
 Gell's Gravitas          Tloc           #####.....   2%          3    None
 Lesser Beckoning         Tloc           #####.....   2%          3    None
 Teleport Other           Tloc           #####...     2%          3    None
 Fulminant Prism          Conj/Hex       ######....   2%          4    None
 Throw Icicle             Conj/Ice       ######..     2%          4    None
 Summon Demon             Summ           ######....   2%          5    None
 Airstrike                Air            ######....   3%          4    None
 Force Lance              Conj/Tloc      #####...     3%          4    None
 Bolt of Magma            Conj/Fire/Erth ######....   3%          5    None
 Summon Mana Viper        Hex/Summ       ######..     5%          5    None
 Lightning Bolt           Conj/Air       ######....   6%          5    None
 Simulacrum               Ice/Necr       ######....   6%          6    ###....
 Passage of Golubria      Tloc           N/A          8%          4    None
 Summon Forest            Summ/Tloc      ######....   8%          5    None
 Iron Shot                Conj/Erth      ######....   9%          6    ###....
 Silence                  Hex/Air        #####.....   10%         5    None
 Dragon Form              Tmut           #######...   10%         7    #####..
 Metabolic Englaciation   Hex/Ice        #####.....   11%         5    None
 Shadow Creatures         Summ           N/A          14%         6    ###....
 Haunt                    Necr/Summ      ######....   17%         7    #####..
 Borgnjor's Revivificati  Necr           #######...   28%         8    ######.
 Infestation              Necr           #######...   28%         8    ######.
 Darkness                 Hex            #####.....   52%         6    ###....
 Dispersal                Tloc           #####.....   75%         6    ###....
 Death's Door             Chrm/Necr      ######....   88%         8    ######.
 Controlled Blink         Tloc           N/A          100%        8    ######.
 Discord                  Hex            #####.....   100%        8    ######.
 Disjunction              Tloc           #####.....   100%        8    ######.
 Shatter                  Erth           ######....   100%        9    #######
 Statue Form              Tmut/Erth      Unusable     N/A         6    N/A

Dungeon Overview and Level Annotations

Branches:
Dungeon (15/15)            Temple (1/1) D:5            Lair (6/6) D:8
  Swamp (4/4) Lair:3        Snake (4/4) Lair:2        Slime (0/5) Lair:5
    Orc (2/2) D:12            Elf (3/3) Orc:2        Vaults (4/5) D:13
  Crypt (1/3) Vaults:3     Depths (0/5) D:15

Altars:
Ashenzari
Cheibriados
Dithmenos
Elyvilon
Fedhas
Gozag
Hepliaklqana
Kikubaaqudgha
Makhleb
Nemelex Xobeh
Okawaru
Qazlal
Ru
Sif Muna
Trog
Uskayaw
Vehumet
Wu Jian
Xom
Yredelemnul
Zin
The Shining One
Beogh

Shops:
D:4 ?*?[=   D:5 *   D:7 }   Orc:2 *}(=   Vaults:2 ?   Vaults:3 :

Portals:
Hell: Lair:6
Trove: Vaults:1 (give 18 scrolls of teleportation)


Innate Abilities, Weirdness & Mutations

You are resistant to torment.
Your stone body is resilient. (AC +17)
You are immune to poison.
Your large and strong wings let you fly indefinitely.
You resist negative energy. (rN+)
You are resistant to electric shocks. (rElec)
You can survive without breathing.
You are immune to petrification.
You are immune to rotting.
You are surrounded by a moderate repulsion field. (EV +3)
You are partially covered in thin metallic scales. (AC +2)
You are clumsy. (Dex -2)


Message History

The vampire flickers and vanishes!
The deep elf death mage beckons forth a restless soul!
The phantasmal warrior hits you but does no damage.
The vampire knight hits you but does no damage.
The vampire knight bites you but does no damage.
The zombie hands constrict the jiangshi.
The zombie hands constrict the jiangshi!
The zombie hands constrict the vampire knight!!
The zombie hands constrict something!
The jiangshi claws you but does no damage. x2
The ancient champion hits you with a +2 great mace of crushing!
The curse skull calls on the powers of darkness!
Your body is wracked with pain!
The deep elf death mage convulses!
The jiangshi claws you but does no damage. x2
Unholy energy fills the air.
The jiangshi claws you. The jiangshi claws you!
You die...
Your body crumbles into a pile of gold.

'..............
'...............
'.......!.......
#......Z........
#..............
#......z.......
#.....VVZ{.....
#.....VV{W.....
#...*.e@V......
#......Wz.....#
#............##
#...........##
##.........##
##.......##
#########


You could see a vampire knight, an ancient champion, a deep elf death mage, 4
jiangshi, a curse skull, a phantasmal warrior, a wraith, a lost soul, a fire
dragon simulacrum and an ice dragon skeleton.

Vanquished Creatures
  Mara (Vaults:4)
  Mennas (Vaults:4)
  Bai Suzhen (Swamp:4)
  Vashnia (Snake:2)
  Nikola (Swamp:2)
  A mutant beast (WizLab)
  A bone dragon (Swamp:4)
  Jorgrun (D:15)
  2 deep elf master archers (Elf:3)
  2 deep elf blademasters (Elf:3)
  A thorn hunter (Swamp:1)
  Agnes (Snake:2)
  A sphinx (Vaults:2)
  An ancient champion (Vaults:3)
  2 tengu reavers (Vaults:4)
  2 frost giants (Vaults:4)
  12 vault wardens
  11 nagarajas
  2 deep elf sorcerers
  4 fire giants
  10 ironheart preservers
  3 deep elf elementalists
  A curse skull (Vaults:3)
  4 very ugly things (WizLab)
  10 stone giants
  A vampire knight (Vaults:3)
  The ghost of P0WERM0DE the Wallflower, a journeyman DDFi of Uskayaw (Lair:3)
  An entropy weaver (Vaults:3)
  8 deep elf demonologists (Elf:3)
  6 deep elf annihilators
  A minotaur (Gauntlet)
  6 deep elf death magi
  An eidolon (Vaults:3)
  The ghost of Forgol the Carver, a journeyman DsBe of Trog (Lair:4)
  2 fire dragons (Vaults:2)
  2 deep elf high priests (Elf:3)
  11 ogre magi
  4 ice dragons
  8 vault guards
  The ghost of Torikoriko the Thaumaturge, a journeyman NaWz of Sif Muna (D:10)
  A great orb of eyes (Vaults:1)
  Harold (D:7)
  7 yaktaur captains
  14 naga warriors
  12 hydras
  8 anacondas
  3 ghost crabs
  5 shambling mangroves
  A catoblepas (D:15)
  A hell beast (Gauntlet)
  10 centaur warriors
  5 death knights
  Erica (D:8)
  43 two-headed ogres
  18 alligators
  4 death yaks (Lair:6)
  A vampire mage (Vaults:3)
  A tengu warrior (D:14)
  A deep troll earth mage (Vaults:3)
  5 shock serpents
  A spriggan berserker (Swamp:3)
  7 large abominations (WizLab)
  7 orc high priests
  A shock serpent (shapeshifter) (WizLab)
  A sun demon (Lair:6)
  16 deep elf knights
  16 naga sharpshooters
  An iron golem (WizLab)
  A fire crab (Volcano)
  3 skeletal warriors
  2 spriggan druids (Swamp:3)
  An unseen horror (shapeshifter) (WizLab)
  12 deep trolls
  4 wizards
  6 naga ritualists
  2 spectral hydras
  2 flayed ghosts
  A glowing orange brain (Vaults:4)
  2 swamp dragons
  7 unseen horrors
  Pikel (D:5)
  3 harpies (Vaults:3)
  A lindwurm (Volcano)
  17 deep elf archers
  2 harpies (shapeshifter) (WizLab)
  6 phantasmal warriors
  18 ironbrand convokers
  34 orc knights
  51 ugly things
  4 oklob plants
  14 mana vipers
  A salamander (Snake:2)
  3 wolf spiders
  A wolf spider (shapeshifter) (WizLab)
  2 orb spiders (shapeshifter)
  4 orc sorcerers
  74 deep elf magi
  A faun (shapeshifter) (WizLab)
  A manticore (shapeshifter) (WizLab)
  A cyclops (shapeshifter) (Vaults:2)
  8 cyclopes
  6 elephants (Lair:4)
  2 manticores
  Joseph (D:7)
  3 moths of wrath (shapeshifter)
  3 black mambas (shapeshifter)
  31 black mambas
  2 guardian serpents (shapeshifter) (WizLab)
  A guardian serpent (Snake:4)
  10 vault sentinels
  13 naga magi
  25 spiny frogs
  A gargoyle (D:15)
  3 efreet
  2 komodo dragons (shapeshifter)
  4 freezing wraiths
  An orange demon (Lair:6)
  A catoblepas zombie (Lair:5)
  3 swamp worm zombies (Swamp:4)
  2 yaktaurs (shapeshifter) (WizLab)
  39 yaktaurs
  2 elves (WizLab)
  9 komodo dragons
  8 rime drakes
  A hellwing (Lair:6)
  5 trolls
  2 death yak skeletons (Lair:3)
  2 queen bees (shapeshifter) (WizLab)
  4 ice devils (Lair:6)
  A polar bear (Lair:4)
  A polar bear (shapeshifter) (Elf:1)
  2 hydra zombies (Swamp:4)
  A meliai (shapeshifter) (WizLab)
  2 meliai (Gauntlet)
  A tengu simulacrum (Vaults:2)
  2 trolls (shapeshifter)
  29 hornets
  A wolf spider simulacrum (D:14)
  A death drake zombie (Crypt:1)
  A raiju (shapeshifter) (WizLab)
  9 tyrant leeches
  A wind drake (shapeshifter) (Vaults:4)
  A blink frog (shapeshifter) (WizLab)
  19 blink frogs
  3 alligator zombies (Swamp:4)
  A hippogriff (shapeshifter) (WizLab)
  21 slime creatures
  4 dream sheep (Lair:6)
  2 hydra skeletons
  10 hippogriffs
  12 bog bodies
  A harpy skeleton (D:15)
  4 spectral swamp dragons (Swamp:4)
  2 black mamba zombies (Lair:1)
  A human simulacrum (Vaults:1)
  10 spriggans
  Sigmund (D:5)
  4 air elementals
  4 shadows
  3 redbacks (Vaults:3)
  5 wraiths
  2 wyverns
  A water elemental (Elf:3)
  26 yaks
  2 tarantellas (shapeshifter)
  11 humans
  A human (shapeshifter) (Vaults:1)
  A black mamba skeleton (Lair:1)
  2 fire bats (Volcano)
  A golden eye (shapeshifter) (WizLab)
  3 fire elementals
  A catoblepas simulacrum (Lair:4)
  4 yaks (shapeshifter)
  Eustachio (D:3)
  A steam dragon (Volcano)
  2 death yak simulacra (Lair:4)
  20 vampire mosquitoes
  2 hungry ghosts
  9 small abominations (WizLab)
  6 wargs
  20 insubstantial wisps
  15 swamp worms
  A naga (shapeshifter) (Vaults:4)
  3 acid dragons
  49 nagas
  8 hell hounds
  Duvessa (D:6)
  14 porcupines
  3 spiny frog zombies
  10 water moccasins
  4 floating eyes (WizLab)
  2 swamp drakes
  Purgy (D:4)
  An ettin simulacrum (Vaults:2)
  2 ice beasts (shapeshifter)
  4 ice beasts
  2 sky beasts
  A spiny frog skeleton (Lair:4)
  3 orc zombies (Orc:2)
  59 orc warriors
  A black mamba simulacrum (Lair:4)
  4 slaves (D:5)
  3 eyes of draining (shapeshifter)
  2 necrophages
  12 phantoms
  17 wolves
  A boggart (Vaults:2)
  5 swamp dragon zombies (Swamp:4)
  44 ogres
  19 centaurs
  17 crocodiles
  4 big kobolds
  17 bullfrogs
  2 komodo dragon skeletons
  A wyvern zombie (D:13)
  An earth elemental (Elf:1)
  2 hippogriff skeletons
  2 water moccasin skeletons (Lair:4)
  A scorpion (shapeshifter) (Vaults:2)
  A warg zombie (Orc:2)
  Dowan (D:6)
  6 scorpions
  A blink frog simulacrum (Lair:4)
  8 killer bees
  5 wights
  2 yak skeletons
  4 howler monkeys
  4 electric eels
  4 crimson imps
  A bullfrog zombie (D:9)
  5 jellies
  A wolf skeleton (Lair:3)
  3 hounds
  3 centaur zombies
  2 centaur skeletons
  A gnoll shaman (D:7)
  38 orc priests
  A basilisk skeleton (Lair:4)
  7 bullfrog skeletons
  3 iguanas
  11 worker ants
  Ijyb (D:5)
  26 orc wizards
  A porcupine zombie (Lair:5)
  A spectral swamp drake (Swamp:4)
  A polar bear simulacrum (Lair:4)
  2 ogre zombies (Orc:2)
  An ogre skeleton (Orc:2)
  A basilisk simulacrum (Lair:4)
  3 crocodile skeletons
  A hound zombie (D:7)
  2 mummies (D:10)
  A worker ant zombie (D:9)
  7 gnolls
  A howler monkey skeleton (D:4)
  5 adders
  A swamp drake zombie (Swamp:4)
  3 orc skeletons (Orc:2)
  3 shadow imps
  11 oozes
  An adder zombie (D:8)
  3 worms
  A dart slug (D:1)
  5 leopard geckos
  165 orcs
  4 ball pythons
  5 bats
  5 giant cockroaches
  5 goblins
  8 hobgoblins
  7 jackals
  30 kobolds
  4 quokkas
  A ball python skeleton (D:6)
  7 frilled lizards
  A leopard gecko skeleton (D:5)
  6 rats
  A river rat skeleton (Crypt:1)
  3 fungi
  9 plants
1868 creatures vanquished.

Vanquished Creatures (collateral kills)
  A meliai (Gauntlet)
1 creature vanquished.

Vanquished Creatures (others)
  33 dancing weapons
  2 deep elf knights (Elf:2)
  A swamp dragon (Swamp:3)
  A hornet (Swamp:3)
  A water elemental (Elf:1)
  A human (D:13)
  2 insubstantial wisps (Swamp:4)
  A swamp drake (Swamp:3)
  A boggart (Vaults:1)
  2 wights (D:13)
  An adder (D:7)
  8 fungi
  20 plants
  A spectral weapon (Vaults:4)
  9 toadstools (D:2)
84 creatures vanquished.

Grand Total: 1953 creatures vanquished

Notes
Turn   | Place    | Note
-------+----------+-------------------------------------------
     0 | D:1      | DildoBatman the Gargoyle Wizard began the quest for the
                  | Orb.
     0 | D:1      | Reached XP level 1. HP: 10/10 MP: 4/4
   271 | D:1      | Reached XP level 2. HP: 13/15 MP: 0/6
   804 | D:2      | Reached XP level 3. HP: 19/19 MP: 1/7
   809 | D:2      | Learned a level 3 spell: Conjure Flame
   813 | D:2      | Learned a level 3 spell: Mephitic Cloud
   921 | D:2      | Reached skill level 1 in Maces & Flails
  1393 | D:2      | Reached XP level 4. HP: 24/24 MP: 3/8
  1438 | D:2      | Reached XP level 5. HP: 24/28 MP: 5/9
  1443 | D:2      | Reached skill level 5 in Conjurations
  2001 | D:3      | Found a shadowy altar of Dithmenos.
  2002 | D:3      | Found a glowing golden altar of the Shining One.
  2088 | D:4      | Noticed Eustachio
  2170 | D:4      | Found Ykutsog's Magic Scroll Shop.
  2178 | D:4      | Bought a scroll of magic mapping for 38 gold pieces
  2178 | D:4      | Bought a scroll of magic mapping for 38 gold pieces
  2178 | D:4      | Bought a scroll of identify for 22 gold pieces
  2178 | D:4      | Bought a scroll of remove curse for 33 gold pieces
  2203 | D:5      | Entered Level 5 of the Dungeon
  2210 | D:5      | Noticed a necrophage
  2237 | D:5      | Found a staircase to the Ecumenical Temple.
  2243 | Temple   | Entered the Ecumenical Temple
  2378 | Temple   | Became a worshipper of Kikubaaqudgha
  2410 | Temple   | Killed a necrophage
  2410 | Temple   | Reached skill level 1 in Fighting
  2410 | Temple   | Reached skill level 1 in Armour
  2410 | Temple   | Reached XP level 6. HP: 20/34 MP: 5/10
  2434 | D:5      | Found Zin's Purification Station.
  2435 | D:5      | Noticed Pikel
  2435 | D:5      | Noticed a slave
  2435 | D:5      | Noticed a slave
  2435 | D:5      | Noticed a slave
  2436 | D:5      | Noticed a slave
  2474 | D:5      | Killed a slave
  2482 | D:5      | Noticed Ijyb
  2492 | D:5      | Killed a slave
  2494 | D:5      | Noticed Sigmund
  2521 | D:5      | Noticed a phantom
  2522 | D:5      | Noticed a sky beast
  2549 | D:5      | Found a glowing silver altar of Zin.
  2586 | D:4      | Found Baoskann's Armour Shop.
  2699 | D:3      | Killed Eustachio
  2787 | D:4      | Found Luvinomn's Magic Scroll Shop.
  2798 | D:4      | Found Fumpoic's General Store.
  2815 | D:4      | Reached XP level 7. HP: 31/39 MP: 4/11
  2846 | D:4      | Noticed Purgy
  2959 | D:4      | Killed Purgy
  3065 | D:4      | Noticed a two-headed ogre
  3075 | D:4      | Killed a two-headed ogre
  3075 | D:4      | Reached skill level 1 in Fire Magic
  3075 | D:4      | Reached skill level 1 in Air Magic
  3075 | D:4      | Reached skill level 1 in Poison Magic
  3075 | D:4      | Reached XP level 8. HP: 36/46 MP: 5/13
  3264 | D:4      | Found Acvis's Jewellery Shoppe.
  3736 | D:5      | Reached skill level 4 in Spellcasting
  3751 | D:5      | Killed Sigmund
  3751 | D:5      | Reached XP level 9. HP: 47/52 MP: 12/15
  3841 | D:5      | Reached * piety under Kikubaaqudgha
  3841 | D:5      | Identified Kikubaaqudgha's Volume of Evil (Kikubaaqudgha
                  | gifted it to you on level 5 of the Dungeon)
  3841 | D:5      | Received a gift from Kikubaaqudgha
  3852 | D:5      | Learned a level 3 spell: Regeneration
  4030 | D:5      | Killed Ijyb
  4176 | D:5      | Killed Pikel
  4176 | D:5      | Reached skill level 5 in Stealth
  4251 | D:6      | Reached skill level 1 in Charms
  4251 | D:6      | Reached skill level 1 in Necromancy
  4472 | D:6      | Noticed Dowan
  4572 | D:6      | Killed Dowan
  4588 | D:6      | Noticed Duvessa
  4607 | D:6      | Killed Duvessa
  4874 | D:7      | Found Nubet's Gadget Emporium.
  4922 | D:7      | Found a flagged portal.
  4942 | D:7      | Found a hide-covered altar of Uskayaw.
  4959 | D:7      | Noticed Harold
  4965 | D:7      | Reached ** piety under Kikubaaqudgha
  4989 | D:7      | Killed Harold
  4989 | D:7      | Reached skill level 5 in Fighting
  4989 | D:7      | Reached skill level 5 in Armour
  4989 | D:7      | Reached skill level 5 in Spellcasting
  4989 | D:7      | Reached XP level 10. HP: 51/59 MP: 4/17
  5028 | D:7      | Noticed Joseph
  5076 | D:7      | Killed Joseph
  5115 | D:7      | Reached skill level 5 in Poison Magic
  5196 | Bailey   | Entered a bailey
  5315 | Bailey   | Reached skill level 1 in Polearms
  5464 | Bailey   | Reached *** piety under Kikubaaqudgha
  5464 | Bailey   | Identified Kikubaaqudgha's Catalogue of Sinister Arts
                  | (Kikubaaqudgha gifted it to you in a bailey)
  5464 | Bailey   | Received a gift from Kikubaaqudgha
  5536 | Bailey   | Noticed an orc knight
  5576 | Bailey   | Killed an orc knight
  5583 | Bailey   | Noticed an orc knight
  5606 | Bailey   | Killed an orc knight
  5613 | Bailey   | Learned a level 5 spell: Dispel Undead
  5613 | Bailey   | Noticed an orc knight
  5629 | Bailey   | Killed an orc knight
  5629 | Bailey   | Reached XP level 11. HP: 40/64 MP: 10/18
  5646 | Bailey   | Noticed an orc knight
  5672 | Bailey   | Noticed an orc knight
  5692 | Bailey   | Noticed an orc knight
  5698 | Bailey   | Killed an orc knight
  5729 | Bailey   | Killed an orc knight
  5732 | Bailey   | Noticed an orc knight
  5779 | Bailey   | Killed an orc knight
  5856 | Bailey   | Killed an orc knight
  6614 | D:8      | Noticed Erica
  6631 | D:8      | Killed Erica
  6843 | D:8      | Found a staircase to the Lair.
  6893 | D:8      | Noticed a two-headed ogre
  6908 | D:8      | Killed a two-headed ogre
  6908 | D:8      | Reached skill level 5 in Polearms
  7282 | D:9      | Killed an unseen horror
  7282 | D:9      | Reached skill level 6 in Spellcasting
  7523 | D:9      | Found a deep blue altar of Sif Muna.
  7560 | D:9      | Reached **** piety under Kikubaaqudgha
  7695 | D:10     | Entered Level 10 of the Dungeon
  7922 | D:10     | Found a transporter.
  7990 | D:10     | Noticed Torikoriko's ghost (journeyman NaWz)
  7992 | D:10     | Found a transporter.
  8195 | D:10     | Noticed a two-headed ogre
  8203 | D:10     | Killed a two-headed ogre
  8203 | D:10     | Reached XP level 12. HP: 71/71 MP: 17/21
  8407 | D:10     | Killed Torikoriko's ghost
  8519 | D:11     | Reached skill level 5 in Dodging
  8546 | D:11     | Reached skill level 5 in Necromancy
  8548 | D:11     | Noticed a two-headed ogre
  8555 | D:11     | Killed a two-headed ogre
  8713 | D:11     | Reached ***** piety under Kikubaaqudgha
  8806 | D:11     | Reached skill level 7 in Spellcasting
  9540 | D:12     | Found a staircase to the Orcish Mines.
  9703 | D:12     | Noticed a two-headed ogre
  9710 | D:12     | Killed a two-headed ogre
  9710 | D:12     | Reached skill level 8 in Spellcasting
  9717 | D:12     | Noticed a two-headed ogre
  9721 | D:12     | Noticed a two-headed ogre
  9721 | D:12     | Noticed a two-headed ogre
  9730 | D:12     | Killed a two-headed ogre
  9741 | D:12     | Noticed a two-headed ogre
  9743 | D:12     | Noticed a stone giant
  9846 | D:11     | Killed a two-headed ogre
  9852 | D:11     | Killed a two-headed ogre
  9926 | D:12     | Noticed a two-headed ogre
  9933 | D:12     | Killed a two-headed ogre
  9940 | D:12     | Learned a level 5 spell: Borgnjor's Vile Clutch
  9963 | D:12     | Reached XP level 13. HP: 68/76 MP: 22/25
 10008 | D:12     | Reached skill level 1 in Earth Magic
 10223 | D:12     | Reached skill level 5 in Earth Magic
 10471 | D:12     | Identified the +2 ring mail of the Marlin {+Inv rElec rC+++
                  | MR-}
 10723 | D:12     | Killed a stone giant
 10767 | Orc:1    | Entered Level 1 of the Orcish Mines
 10787 | Orc:1    | Reached ****** piety under Kikubaaqudgha
 10794 | D:12     | Received a gift from Kikubaaqudgha
 10795 | D:12     | Fell from the grace of Kikubaaqudgha
 10946 | Temple   | Became a worshipper of Gozag Ym Sagoz the Greedy
 11322 | Orc:2    | Entered Level 2 of the Orcish Mines
 11414 | Orc:2    | Found a roughly hewn altar of Beogh.
 11433 | Orc:2    | Found a staircase to the Elven Halls.
 11820 | Orc:2    | Found a roughly hewn altar of Beogh.
 12188 | Orc:2    | Gained mutation: Your large and strong wings let you fly
                  | indefinitely. [Gargoyle growth]
 12188 | Orc:2    | Reached XP level 14. HP: 84/84 MP: 17/26
 12251 | Orc:2    | Found Lotreime's Assorted Antiques.
 12259 | Orc:2    | Found Nautoi's Antique Weapon Boutique.
 12262 | Orc:2    | Found Owownirap's Jewellery Shop.
 12263 | Orc:2    | Found Taplopsa's Gadget Shop.
 12271 | Orc:2    | Bought a sedimented golden potion for 18 gold pieces
 12271 | Orc:2    | Bought a golden potion for 18 gold pieces
 12271 | Orc:2    | Bought a golden potion for 18 gold pieces
 12271 | Orc:2    | Bought a papyrus book for 315 gold pieces
 12891 | Lair:1   | Entered Level 1 of the Lair of Beasts
 13966 | Lair:2   | Found a staircase to the Snake Pit.
 14857 | Lair:3   | Noticed a reaper
 15032 | Lair:3   | Found a staircase to the Swamp.
 15308 | Lair:3   | Found a runed translucent gate.
 15309 | Lair:3   | Found a runed translucent gate.
 15309 | Lair:3   | Noticed P0WERM0DE's ghost (journeyman DDFi)
 15310 | Lair:3   | Found a runed translucent gate.
 15424 | Lair:3   | Killed P0WERM0DE's ghost
 15673 | Lair:4   | Reached skill level 10 in Fighting
 15735 | Lair:4   | Found a runed translucent gate.
 15736 | Lair:4   | Found a runed translucent gate.
 15768 | Lair:4   | Reached skill level 10 in Armour
 15908 | Lair:4   | Found a runed translucent gate.
 15933 | Lair:4   | Noticed Forgol's ghost (journeyman DsBe)
 16035 | Lair:4   | Killed Forgol's ghost
 16067 | Lair:4   | Got the ring "Ugourr" {Fire}
 16141 | Lair:4   | Identified the ring "Ugourr" {Fire rElec} (You found it on
                  | level 4 of the Lair of Beasts)
 16396 | Lair:5   | Found a staircase to the Slime Pits.
 16424 | Lair:5   | Reached XP level 15. HP: 89/92 MP: 27/27
 16775 | Lair:5   | Was forgiven by Kikubaaqudgha
 17458 | Lair:6   | Entered Level 6 of the Lair of Beasts
 17461 | Lair:6   | Found a gate leading to a gauntlet.
 17470 | Gauntlet | Entered a Gauntlet
 17470 | Gauntlet | Found a transporter.
 17473 | Gauntlet | Found a transporter.
 17474 | Gauntlet | Found a transporter.
 17478 | Gauntlet | Found a transporter.
 17481 | Gauntlet | Found a transporter.
 17481 | Gauntlet | Found a transporter.
 17488 | Gauntlet | Found a transporter.
 17502 | Gauntlet | Found a large runed translucent door.
 17502 | Gauntlet | Found a large runed translucent door.
 17503 | Gauntlet | Found a large runed translucent door.
 17503 | Gauntlet | Found a large runed translucent door.
 17504 | Gauntlet | Found a large runed translucent door.
 17504 | Gauntlet | Found a large runed translucent door.
 17505 | Gauntlet | Found a large runed translucent door.
 17505 | Gauntlet | Found a runed translucent gate.
 17505 | Gauntlet | Found a runed translucent door.
 17506 | Gauntlet | Found a large runed translucent door.
 17506 | Gauntlet | Found a transporter.
 17506 | Gauntlet | Found a runed translucent gate.
 17507 | Gauntlet | Found a runed translucent gate.
 17507 | Gauntlet | Found a runed translucent door.
 17509 | Gauntlet | Found a large runed translucent door.
 17509 | Gauntlet | Found a large runed translucent door.
 17510 | Gauntlet | Found a large runed translucent door.
 17511 | Gauntlet | Found a large runed translucent door.
 17520 | Gauntlet | Found a large runed translucent door.
 17520 | Gauntlet | Found a large runed translucent door.
 17521 | Gauntlet | Found a large runed translucent door.
 17522 | Gauntlet | Found a large runed translucent door.
 17524 | Gauntlet | Found a transporter.
 17528 | Gauntlet | Found a transporter.
 17530 | Gauntlet | Found a runed translucent door.
 17532 | Gauntlet | Found a runed translucent door.
 17536 | Gauntlet | Found a transporter.
 17584 | Gauntlet | Found a transporter.
 17652 | Gauntlet | Got a polished cloak
 17664 | Gauntlet | Identified the cursed -5 cloak of the Frog {rPois MR+
                  | Str+3} (You found it in a Gauntlet)
 17702 | Gauntlet | Got a heavily runed emerald amulet
 17705 | Gauntlet | Got an encrusted arbalest
 17708 | Gauntlet | Identified the +10 arbalest of Irritation {freeze, +Inv
                  | rN+} (You found it in a Gauntlet)
 17713 | Gauntlet | Identified the amulet "Imaongaank" {Spirit MR+ Dex+4
                  | Stlth+} (You found it in a Gauntlet)
 17748 | Gauntlet | Identified the +12 dagger of the Sugar Beet {holy, rF+}
 17748 | Gauntlet | Identified the ring "Guabib" {*Contam rF+ rN+ Str+10}
 17891 | Lair:6   | Found a dark tunnel.
 17902 | Volcano  | Entered a volcano
 18427 | Lair:6   | Reached skill level 10 in Polearms
 18489 | Lair:6   | Found a burning altar of Makhleb.
 18586 | Lair:6   | Found a gateway to Hell.
 19615 | D:13     | Got a bone hunting sling
 19635 | D:13     | Reached skill level 10 in Earth Magic
 19985 | D:13     | Reached XP level 16. HP: 92/100 MP: 20/28
 20126 | D:13     | Found a gate to the Vaults.
 20355 | D:13     | Identified the +7 hunting sling of Gallantry {freeze, rPois
                  | rF+} (You found it on level 13 of the Dungeon)
 20391 | D:14     | Reached skill level 9 in Spellcasting
 20948 | D:15     | Entered Level 15 of the Dungeon
 21351 | D:15     | Found a staircase to the Depths.
 21507 | D:15     | Found a bloodstained altar of Trog.
 21508 | D:15     | Noticed Jorgrun
 21584 | D:15     | Killed Jorgrun
 21815 | D:8      | Learned a level 8 spell: Necromutation
 21849 | Snake:1  | Entered Level 1 of the Snake Pit
 22884 | Snake:2  | Noticed a nagaraja
 22904 | Snake:2  | Killed a nagaraja
 22991 | Snake:2  | Noticed Agnes
 23133 | Snake:2  | Reached skill level 10 in Spellcasting
 23169 | Snake:2  | Noticed a nagaraja
 23188 | Snake:2  | Killed a nagaraja
 23203 | Snake:2  | Reached XP level 17. HP: 97/106 MP: 18/31
 23239 | Snake:2  | Noticed Vashnia
 23309 | Snake:2  | Killed Vashnia
 23309 | Snake:2  | Reached skill level 11 in Spellcasting
 23526 | Snake:2  | Killed Agnes
 24338 | Snake:3  | Reached skill level 12 in Spellcasting
 24789 | Snake:4  | Entered Level 4 of the Snake Pit
 25080 | Snake:4  | Reached skill level 13 in Spellcasting
 25484 | Snake:4  | Reached skill level 14 in Spellcasting
 25526 | Snake:4  | Reached XP level 18. HP: 88/112 MP: 4/36
 25691 | Snake:4  | Reached skill level 15 in Spellcasting
 25866 | Snake:4  | Got a serpentine rune of Zot
 26129 | Swamp:1  | Entered Level 1 of the Swamp
 27213 | Swamp:2  | Reached skill level 16 in Spellcasting
 27504 | Swamp:2  | Noticed Nikola
 27527 | Swamp:2  | Killed Nikola
 28211 | Swamp:3  | Reached skill level 1 in Transmutations
 28447 | Swamp:3  | Reached XP level 19. HP: 111/116 MP: 20/39
 28596 | Swamp:4  | Entered Level 4 of the Swamp
 28631 | Swamp:4  | Noticed Bai Suzhen
 28833 | Swamp:4  | Killed Bai Suzhen
 28833 | Swamp:4  | Reached skill level 10 in Necromancy
 29242 | Swamp:4  | Noticed a bone dragon
 29384 | Swamp:4  | Killed a bone dragon
 29815 | Swamp:4  | Got a decaying rune of Zot
 30064 | D:8      | Gained mutation: You passively map a small area around you.
                  | [potion of mutation]
 30064 | D:8      | Gained mutation: You are frail. (-10% HP) [potion of
                  | mutation]
 30064 | D:8      | Gained mutation: You can translocate small distances at
                  | will. [potion of mutation]
 30067 | D:8      | Lost mutation: You can translocate small distances at will.
                  | [potion of mutation]
 30067 | D:8      | Gained mutation: Your body sometimes deteriorates upon
                  | taking damage. [potion of mutation]
 30067 | D:8      | Lost mutation: You are frail. (-10% HP) [potion of
                  | mutation]
 30067 | D:8      | Gained mutation: Your muscles are strong. (Str +2) [potion
                  | of mutation]
 30068 | D:8      | Lost mutation: You passively map a small area around you.
                  | [potion of mutation]
 30068 | D:8      | Lost mutation: Your body sometimes deteriorates upon taking
                  | damage. [potion of mutation]
 30068 | D:8      | Lost mutation: Your muscles are strong. (Str +2) [potion of
                  | mutation]
 30068 | D:8      | Gained mutation: You are somewhat resistant to further
                  | mutation. [potion of mutation]
 30068 | D:8      | Gained mutation: You have a pair of small horns on your
                  | head. [potion of mutation]
 30068 | D:8      | Gained mutation: You are agile. (Dex +2) [potion of
                  | mutation]
 30081 | D:8      | Learned a level 5 spell: Aura of Abjuration
 30187 | Elf:1    | Entered Level 1 of the Elven Halls
 30190 | Elf:1    | Reached skill level 1 in Summonings
 30239 | Elf:1    | Got a pair of scorched gloves
 30250 | Elf:1    | Identified the +0 pair of gloves of Tacw {Str+4 Slay+2}
                  | (You found it on level 1 of the Elven Halls)
 30282 | Elf:1    | Found a magical portal.
 30436 | Elf:1    | Reached skill level 5 in Summonings
 30500 | Elf:1    | Got a spiked ring mail
 30511 | Elf:1    | Identified the +5 ring mail "Ibeewa" {+Inv} (You found it
                  | on level 1 of the Elven Halls)
 30601 | WizLab   | Entered Cigotuvi's Fleshworks
 31040 | WizLab   | Paralysed by a floating eye for 4 turns
 31135 | WizLab   | Got a wavering wooden ring
 31500 | WizLab   | Identified Cigotuvi's Almanac of Ghastly Transformation
 31505 | WizLab   | Identified the Collected Works on Changing
 31575 | WizLab   | Reached skill level 5 in Transmutations
 31616 | WizLab   | Reached XP level 20. HP: 109/122 MP: 23/40
 32342 | Elf:1    | Got a scorched hand axe
 32343 | Elf:1    | Identified the +1 hand axe of the Lamprey {freeze, rN+}
                  | (You found it on level 1 of the Elven Halls)
 32815 | Elf:1    | Identified the ring "Niheaz" {*Tele rC- MR+ Int+7 Stlth+}
                  | (You found it in a wizard's laboratory)
 33050 | Elf:2    | Found a runed translucent gate.
 33050 | Elf:2    | Found a runed translucent gate.
 33050 | Elf:2    | Found a runed translucent gate.
 33381 | Elf:2    | Lost mutation: You are agile. (Dex +2) [potion of mutation]
 33381 | Elf:2    | Lost mutation: You have a pair of small horns on your head.
                  | [potion of mutation]
 33381 | Elf:2    | Lost mutation: You are somewhat resistant to further
                  | mutation. [potion of mutation]
 33381 | Elf:2    | Gained mutation: Your flesh is cold resistant. (rC+)
                  | [potion of mutation]
 33381 | Elf:2    | Gained mutation: You have a somewhat thin skeletal
                  | structure. (Dex +2, Stealth) [potion of mutation]
 33382 | Elf:2    | Lost mutation: You have a somewhat thin skeletal structure.
                  | (Dex +2, Stealth) [potion of mutation]
 33382 | Elf:2    | Gained mutation: Your body sometimes deteriorates upon
                  | taking damage. [potion of mutation]
 33382 | Elf:2    | Gained mutation: You have a beak for a mouth. [potion of
                  | mutation]
 33383 | Elf:2    | Lost mutation: You have a beak for a mouth. [potion of
                  | mutation]
 33383 | Elf:2    | Lost mutation: Your flesh is cold resistant. (rC+) [potion
                  | of mutation]
 33383 | Elf:2    | Gained mutation: You are resistant to hostile enchantments.
                  | (MR+) [potion of mutation]
 33383 | Elf:2    | Gained mutation: You have a pair of small horns on your
                  | head. [potion of mutation]
 33383 | Elf:2    | Gained mutation: You are highly resistant to hostile
                  | enchantments. (MR++) [potion of mutation]
 34083 | Elf:3    | Entered Level 3 of the Elven Halls
 34628 | Elf:3    | Identified the +5 ring mail "Ufozof" {MR+ Stlth+}
 34628 | Elf:3    | Identified the ring "Evexodo" {*Drain +Inv +Fly rElec rN++}
 34672 | Elf:3    | Reached XP level 21. HP: 122/127 MP: 34/41
 34901 | Elf:3    | Identified the +6 scale mail "Vixojag" {*Corrode rF+ MR+
                  | Slay+3}
 35154 | Elf:3    | Identified the cursed +1 rapier "Undertaker" {venom, rC+}
 35154 | Elf:3    | Identified the +5 leather armour of Love and Death {rPois
                  | rF+ rN+}
 35176 | Elf:3    | Identified Sif Muna's Papyrus of the Entrancing Birds
 35204 | Elf:3    | Identified Sif Muna's Grimoire of Quantum Feathers
 35392 | Elf:3    | Got a slimy whip
 35393 | Elf:3    | Identified the +8 whip "Demonslayer" {slash, rF++} (You
                  | found it on level 3 of the Elven Halls)
 35677 | D:8      | Identified 2 scrolls of acquirement
 35685 | D:8      | Lost mutation: Your body sometimes deteriorates upon taking
                  | damage. [potion of mutation]
 35685 | D:8      | Lost mutation: You are highly resistant to hostile
                  | enchantments. (MR++) [potion of mutation]
 35685 | D:8      | Gained mutation: You can translocate small distances at
                  | will. [potion of mutation]
 35685 | D:8      | Gained mutation: You are partially covered in slimy green
                  | scales. (AC +2) [potion of mutation]
 35686 | D:8      | Lost mutation: You are resistant to hostile enchantments.
                  | (MR+) [potion of mutation]
 35686 | D:8      | Lost mutation: You have a pair of small horns on your head.
                  | [potion of mutation]
 35686 | D:8      | Gained mutation: You expend magic power (3 MP) to
                  | strengthen your wands. [potion of mutation]
 35686 | D:8      | Gained mutation: You are partially covered in molten
                  | scales. (AC +2) [potion of mutation]
 35687 | D:8      | Lost mutation: You are partially covered in molten scales.
                  | (AC +2) [potion of mutation]
 35687 | D:8      | Lost mutation: You can translocate small distances at will.
                  | [potion of mutation]
 35687 | D:8      | Lost mutation: You are partially covered in slimy green
                  | scales. (AC +2) [potion of mutation]
 35687 | D:8      | Gained mutation: You passively map a small area around you.
                  | [potion of mutation]
 35687 | D:8      | Lost mutation: You expend magic power (3 MP) to strengthen
                  | your wands. [potion of mutation]
 35687 | D:8      | Gained mutation: Your natural rate of healing is unusually
                  | fast. [potion of mutation]
 35688 | D:8      | Lost mutation: Your natural rate of healing is unusually
                  | fast. [potion of mutation]
 35688 | D:8      | Lost mutation: You passively map a small area around you.
                  | [potion of mutation]
 35688 | D:8      | Gained mutation: Your magical capacity is low. (-10% MP)
                  | [potion of mutation]
 35688 | D:8      | Gained mutation: Scrolls take you a little longer to read.
                  | [potion of mutation]
 35688 | D:8      | Gained mutation: You have a pair of small horns on your
                  | head. [potion of mutation]
 35689 | D:8      | Lost mutation: You have a pair of small horns on your head.
                  | [potion of mutation]
 35689 | D:8      | Lost mutation: Your magical capacity is low. (-10% MP)
                  | [potion of mutation]
 35689 | D:8      | Lost mutation: Scrolls take you a little longer to read.
                  | [potion of mutation]
 35689 | D:8      | Gained mutation: You are weak. (Str -2) [potion of
                  | mutation]
 35689 | D:8      | Gained mutation: You expend magic power (3 MP) to
                  | strengthen your wands. [potion of mutation]
 35689 | D:8      | Gained mutation: You have an increased reservoir of magic.
                  | (+10% MP) [potion of mutation]
 35689 | D:8      | Gained mutation: You have a pair of small antennae on your
                  | head. [potion of mutation]
 35690 | D:8      | Lost mutation: You expend magic power (3 MP) to strengthen
                  | your wands. [potion of mutation]
 35690 | D:8      | Lost mutation: You are weak. (Str -2) [potion of mutation]
 35690 | D:8      | Gained mutation: You are surrounded by a mild repulsion
                  | field. (EV +2) [potion of mutation]
 35690 | D:8      | Gained mutation: You are covered in fur. (AC +1) [potion of
                  | mutation]
 35691 | D:8      | Lost mutation: You have an increased reservoir of magic.
                  | (+10% MP) [potion of mutation]
 35691 | D:8      | Lost mutation: You are covered in fur. (AC +1) [potion of
                  | mutation]
 35691 | D:8      | Gained mutation: Your spells are a little easier to cast,
                  | but a little less powerful. [potion of mutation]
 35691 | D:8      | Gained mutation: Your mind is acute. (Int +2) [potion of
                  | mutation]
 35691 | D:8      | Gained mutation: Your muscles are strong. (Str +2) [potion
                  | of mutation]
 35692 | D:8      | Lost mutation: Your spells are a little easier to cast, but
                  | a little less powerful. [potion of mutation]
 35692 | D:8      | Lost mutation: Your mind is acute. (Int +2) [potion of
                  | mutation]
 35692 | D:8      | Gained mutation: You are resistant to hostile enchantments.
                  | (MR+) [potion of mutation]
 35692 | D:8      | Gained mutation: You tend to lose your temper in combat.
                  | [potion of mutation]
 35692 | D:8      | Gained mutation: You have sharp toenails. [potion of
                  | mutation]
 35693 | D:8      | Lost mutation: Your muscles are strong. (Str +2) [potion of
                  | mutation]
 35693 | D:8      | Lost mutation: You have sharp toenails. [potion of
                  | mutation]
 35693 | D:8      | Lost mutation: You tend to lose your temper in combat.
                  | [potion of mutation]
 35693 | D:8      | Gained mutation: You are robust. (+10% HP) [potion of
                  | mutation]
 35694 | D:8      | Lost mutation: You are resistant to hostile enchantments.
                  | (MR+) [potion of mutation]
 35694 | D:8      | Lost mutation: You have a pair of small antennae on your
                  | head. [potion of mutation]
 35694 | D:8      | Gained mutation: Your muscles are strong. (Str +2) [potion
                  | of mutation]
 35694 | D:8      | Gained mutation: Your spells are a little harder to cast,
                  | but a little more powerful. [potion of mutation]
 35694 | D:8      | Gained mutation: Your magical capacity is low. (-10% MP)
                  | [potion of mutation]
 35694 | D:8      | Gained mutation: You have large cloven feet. [potion of
                  | mutation]
 35695 | D:8      | Lost mutation: You are surrounded by a mild repulsion
                  | field. (EV +2) [potion of mutation]
 35695 | D:8      | Lost mutation: You are robust. (+10% HP) [potion of
                  | mutation]
 35695 | D:8      | Lost mutation: Your muscles are strong. (Str +2) [potion of
                  | mutation]
 35695 | D:8      | Lost mutation: Your spells are a little harder to cast, but
                  | a little more powerful. [potion of mutation]
 35695 | D:8      | Gained mutation: You can translocate small distances at
                  | will. [potion of mutation]
 35695 | D:8      | Gained mutation: Your flesh is heat resistant. (rF+)
                  | [potion of mutation]
 35696 | D:8      | Lost mutation: Your magical capacity is low. (-10% MP)
                  | [potion of mutation]
 35696 | D:8      | Lost mutation: You can translocate small distances at will.
                  | [potion of mutation]
 35696 | D:8      | Lost mutation: Your flesh is heat resistant. (rF+) [potion
                  | of mutation]
 35696 | D:8      | Gained mutation: You possess an exceptional clarity of
                  | mind. [potion of mutation]
 35696 | D:8      | Gained mutation: You have a pair of small antennae on your
                  | head. [potion of mutation]
 35697 | D:8      | Lost mutation: You possess an exceptional clarity of mind.
                  | [potion of mutation]
 35697 | D:8      | Lost mutation: You have a pair of small antennae on your
                  | head. [potion of mutation]
 35697 | D:8      | Gained mutation: You are clumsy. (Dex -2) [potion of
                  | mutation]
 35697 | D:8      | Gained mutation: You are surrounded by a mild repulsion
                  | field. (EV +2) [potion of mutation]
 35703 | D:8      | Got a transparent helmet
 35714 | D:8      | Identified the +2 helmet of Wobikha {rPois rCorr} (You
                  | acquired it on level 8 of the Dungeon)
 35846 | D:4      | Bought a scroll of fog for 22 gold pieces
 35846 | D:4      | Bought a scroll of identify for 22 gold pieces
 35853 | D:4      | Bought a scroll of identify for 26 gold pieces
 35853 | D:4      | Bought a scroll of identify for 26 gold pieces
 35853 | D:4      | Bought a scroll of summoning for 123 gold pieces
 35853 | D:4      | Bought a scroll of identify for 26 gold pieces
 35853 | D:4      | Bought a scroll of identify for 26 gold pieces
 35853 | D:4      | Bought a scroll of identify for 26 gold pieces
 35853 | D:4      | Bought a scroll of identify for 26 gold pieces
 36055 | Vaults:1 | Entered Level 1 of the Vaults
 36103 | Vaults:1 | Reached skill level 10 in Transmutations
 36953 | Vaults:1 | Found a portal to a secret trove of treasure.
 37207 | Orc:2    | Bought a scroll of teleportation for 63 gold pieces
 37414 | D:4      | Bought a scroll of teleportation for 33 gold pieces
 37445 | D:4      | Bought a scroll of teleportation for 33 gold pieces
 38434 | Vaults:2 | Reached XP level 22. HP: 130/132 MP: 27/42
 38679 | Vaults:2 | Found Weisum's Magic Scroll Emporium.
 38687 | Vaults:2 | Bought a scroll of acquirement for 936 gold pieces
 38687 | Vaults:2 | Bought a scroll of identify for 36 gold pieces
 38687 | Vaults:2 | Bought a scroll of identify for 36 gold pieces
 38687 | Vaults:2 | Bought a scroll of identify for 36 gold pieces
 38687 | Vaults:2 | Bought a scroll of teleportation for 54 gold pieces
 38687 | Vaults:2 | Bought a scroll of enchant armour for 135 gold pieces
 38689 | Vaults:2 | Got a pitted hat
 38700 | Vaults:2 | Identified the +1 hat of Paranoia {Slay+2} (You acquired it
                  | on level 2 of the Vaults)
 38898 | Vaults:2 | Got a dazzling shield
 38922 | Vaults:2 | Identified the cursed +0 shield "Qetueria" {rF+} (You found
                  | it on level 2 of the Vaults)
 39686 | Vaults:3 | Reached skill level 15 in Necromancy
 39938 | Vaults:3 | Found Cifat's Book Emporium.
 39950 | Vaults:3 | Learned a level 3 spell: Spectral Weapon
 39957 | Vaults:3 | Learned a level 6 spell: Deflect Missiles
 39960 | Vaults:3 | Learned a level 2 spell: Blink
 39977 | Vaults:3 | Reached skill level 1 in Translocations
 39987 | Vaults:3 | Reached skill level 1 in Hexes
 40084 | Vaults:3 | Found a staircase to the Crypt.
 40095 | Vaults:3 | Bought a book of Frost for 490 gold pieces
 40099 | Vaults:3 | Learned a level 3 spell: Ozocubu's Armour
 40262 | Vaults:3 | Lost mutation: You are clumsy. (Dex -2) [potion of
                  | mutation]
 40262 | Vaults:3 | Lost mutation: You have large cloven feet. [potion of
                  | mutation]
 40262 | Vaults:3 | Gained mutation: You are clumsy. (Dex -2) [potion of
                  | mutation]
 40262 | Vaults:3 | Gained mutation: You are partially covered in thin metallic
                  | scales. (AC +2) [potion of mutation]
 40262 | Vaults:3 | Gained mutation: You are surrounded by a moderate repulsion
                  | field. (EV +3) [potion of mutation]
 40490 | Vaults:3 | Reached skill level 1 in Ice Magic
 41417 | Vaults:4 | Reached skill level 5 in Charms
 41455 | Vaults:4 | Reached XP level 23. HP: 136/136 MP: 39/43
 41600 | Vaults:4 | Noticed Mennas
 41626 | Vaults:4 | Killed Mennas
 41637 | Vaults:4 | Noticed Mara
 41666 | Vaults:4 | Noticed DildoBatman's illusion
 41692 | Vaults:4 | Killed Mara
 42210 | Vaults:4 | Reached skill level 5 in Air Magic
 42680 | Crypt:1  | Entered Level 1 of the Crypt
 42691 | Crypt:1  | Paralysed by a vampire knight for 2 turns
 42762 | Crypt:1  | Paralysed by a vampire knight for 6 turns
 42767 | Crypt:1  | Slain by a jiangshi

Skill      XL: |  1  2  3  4  5  6  7  8  9 10 11 12 13 14 15 16 17 18 19 20 21 22 23 |
---------------+----------------------------------------------------------------------+-----
Conjurations   | 2 3 4 5 6 |  6.3
Maces & Flails | 1 2 |  2.0
Fighting       | 1 3 5 6 7 8 10 11 12 | 12.0
Armour         | 1 3 5 6 7 8 10 11 12 | 12.0
Dodging        | 2 3 4 5 6 7 8 |  8.0
Stealth        | 3 4 6 |  6.0
Fire Magic     | 1 2 4 |  4.0
Air Magic      | 1 2 3 4 5 |  5.2
Poison Magic   | 1 2 4 6 |  6.0
Spellcasting   | 4 5 6 8 10 14 16 | 16.0
Charms         | 2 3 4 5 6 |  6.2
Necromancy     | 2 3 4 8 9 10 12 14 15 | 15.6
Polearms       | 4 5 6 7 9 10 12 14 | 14.2
Earth Magic    | 9 10 11 12 | 12.0
Transmutations | 1 5 9 11 12 13 | 13.2
Summonings     | 8 |  8.0
Translocations | 3 |  3.0
Hexes          | 2 4 |  4.6
Ice Magic      | 2 4 |  4.7

Action                   |  1- 3 |  4- 6 |  7- 9 | 10-12 | 13-15 | 16-18 | 19-21 | 22-24 || total
-------------------------+-------+-------+-------+-------+-------+-------+-------+-------++-------
Melee: Club              |    23 |       |       |       |       |       |       |       ||    23
       Whip              |    44 |   134 |   274 |    92 |       |       |       |       ||   544
       Halberd           |       |       |       |   473 |  1343 |  1109 |  1459 |   733 ||  5117
       Headbutt          |       |       |       |       |       |       |   131 |       ||   131
 Cast: Magic Dart        |    68 |    27 |    16 |    10 |    13 |     2 |       |       ||   136
       Conjure Flame     |       |     1 |     8 |    10 |    29 |     3 |     2 |     3 ||    56
       Mephitic Cloud    |       |    11 |    24 |    48 |    66 |    25 |    17 |     6 ||   197
       Regeneration      |       |       |       |     4 |    16 |     5 |    16 |    16 ||    57
       Borgnjor's Vile C |       |       |       |       |    39 |    99 |   159 |    93 ||   390
       Dispel Undead     |       |       |       |       |     6 |       |     5 |    19 ||    30
       Aura of Abjuratio |       |       |       |       |       |       |     1 |       ||     1
       Ozocubu's Armour  |       |       |       |       |       |       |       |     5 ||     5
       Spectral Weapon   |       |       |       |       |       |       |       |     3 ||     3
Invok: Receive Necronomi |       |       |       |       |     1 |       |       |       ||     1
       Renounce Religion |       |       |       |       |     1 |       |       |       ||     1
 Abil: Fly               |       |       |       |       |     1 |       |       |       ||     1
       Blink             |       |       |       |       |       |       |     2 |       ||     2
Evoke: Wand              |       |       |       |       |     1 |     1 |     9 |     2 ||    13
       Lightning rod     |       |       |       |       |       |     4 |     1 |     4 ||     9
       Fan of gales      |       |       |       |       |       |       |     1 |       ||     1
       Sack of spiders   |       |       |       |       |       |       |     1 |       ||     1
       Lamp of fire      |       |       |       |       |       |       |       |     1 ||     1
  Use: Scroll            |       |     8 |     6 |    10 |    15 |     2 |    13 |     2 ||    56
       Potion            |       |     3 |       |     7 |     4 |       |    19 |     3 ||    36
 Stab: Sleeping          |     1 |       |     3 |    12 |    15 |    20 |    23 |     6 ||    80
       Confused          |       |     3 |    14 |    21 |    42 |    15 |     4 |     7 ||   106
       Distracted        |       |       |       |     3 |    10 |    13 |    11 |     7 ||    44
  Eat: Chunk             |     2 |     2 |     9 |    23 |     3 |       |       |       ||    39
       Ration            |       |     1 |       |       |    13 |    10 |    10 |     6 ||    40
Armor: Robe              |    31 |    49 |     6 |       |       |       |       |       ||    86
       Troll leather arm |       |       |    97 |   235 |   549 |   392 |   561 |   268 ||  2102
Dodge: Dodged            |    62 |    81 |   152 |   338 |   883 |   891 |  1077 |   493 ||  3977
Block: Other             |    11 |     8 |    19 |    49 |    69 |       |       |       ||   156
       Reflection        |     2 |     1 |     1 |     3 |     4 |       |       |       ||    11
